 Dungeon Crawl Stone Soup version 0.25.0-46-gbd7b0854d2 (webtiles) character file.

Game seed: 11574180056736401575

28 BreadTh the Magician (level 2, 0/13 HPs)
             Began as a Spriggan Wizard on July 16, 2020.
             Slain by a hobgoblin
             ... wielding a +0 club
             ... led by Robin
              (7 damage)
             ... on level 1 of the Dungeon.
             The game lasted 00:02:38 (1164 turns).

BreadTh the Magician (Spriggan Wizard)              Turns: 1164, Time: 00:02:39

Health: 0/13       AC:  2    Str:  3    XL:     2   Next: 96%
Magic:  0/8        EV: 18    Int: 19    God:
Gold:   67         SH:  0    Dex: 14    Spells: 8/9 levels left

rFire    . . .     SeeInvis +   g - +0 dagger
rCold    . . .     Gourm    .   (shield restricted)
rNeg     . . .     Faith    .   a - +0 robe
rPois    .         Spirit   .   b - +0 hat
rElec    .         Reflect  .   (no cloak)
rCorr    .         Harm     .   (gloves unavailable)
MR       .....                  (boots unavailable)
Stlth    ++........             (no amulet)
HPRegen  0.04/turn              (no ring)
MPRegen  0.11/turn              (no ring)

@: very quick
A: very small, unfitting armour, see invisible, herbivore, speed 3, slow
metabolism 2
a: no special abilities


You were on level 1 of the Dungeon.
You were not hungry.

You visited 1 branch of the dungeon, and saw 2 of its levels.

You collected 67 gold pieces.

Inventory:

Hand Weapons
 g - a +0 dagger (weapon)
Armour
 a - a +0 robe (worn)
 b - a +0 hat (worn)
Scrolls
 h - 3 scrolls of teleportation {unknown}
 i - a scroll of magic mapping {unknown}
 j - 2 scrolls of remove curse {unknown}
 k - a scroll of noise {unknown}
Potions
 c - 2 potions of flight {unknown}
 e - a potion of stabbing {unknown}
 f - a potion of heal wounds {unknown}
 l - a potion of ambrosia {unknown}
 m - a potion of might {unknown}
Comestibles
 d - a ration


   Skills:
 - Level 3.0 Dodging
 - Level 3.0 Stealth
 - Level 4.0 Spellcasting
 * Level 2.2 Conjurations
   Level 0.7 Summonings
   Level 1.5 Translocations


You had 8 spell levels left.
You knew the following spells:

 Your Spells              Type           Power        Failure   Level  Hunger
a - Magic Dart            Conj           ##..         5%          1    None

Your spell library contained the following spells:

 Spells                   Type           Power        Failure   Level  Hunger
 Blink                    Tloc           N/A          11%         2    ##.....
 Call Imp                 Summ           #.......     16%         2    ##.....
 Slow                     Hex            #.......     21%         2    ##.....
 Conjure Flame            Conj/Fire      #.......     26%         3    ###....
 Mephitic Cloud           Conj/Pois/Air  #.......     30%         3    ###....


Dungeon Overview and Level Annotations

Branches:
Dungeon (2/15)

Altars:

Annotations:
D:2 Robin


Innate Abilities, Weirdness & Mutations

You are very small and have problems with some larger weapons.
You are too small for most types of armour.
You have supernaturally acute eyesight. (SInv)
You are a herbivore.
You cover ground extremely quickly.
You need to consume almost no food.


Message History

The magic dart hits the hobgoblin.
The hobgoblin is heavily wounded.
There is a stone staircase leading up here.
You closely miss the hobgoblin.
The hobgoblin is heavily wounded.
The hobgoblin hits you with a +0 club. The hobgoblin misses you.
You climb upwards.
There is a stone staircase leading down here.
Casting: Magic Dart (safe; 5% risk of failure)
Confirm with . or Enter, or press ? or * to list all spells.
Aiming: Magic Dart (safe; 5% risk of failure)
Press: ? - help, Shift-Dir - straight line, f - hobgoblin
Aim: a hobgoblin, wielding a +0 club (heavily wounded, strong)
The magic dart hits the hobgoblin.
The hobgoblin is almost dead.
The hobgoblin completely misses you. The hobgoblin hits you with a +0 club!
Ouch! That really hurt!
You die...

#.#.#.#..#.#†##### #......
#.#.#............######......
##'#.##.......###.............
#..................#####......
#...####..######...#..........
#...# #.......#...##.##.#.#..
#...####)#####.#...##.........
#..............#...........#.#
#...####.####@...............#
#...# #.# #>g...............
#...# #.#########.....#####..
#...# #.........#.###.#......
##### #########.#.# #.#......
########.#.# #.#......
#..........# #.#......
#.######.### #.#......
#.#......# #.#......


You could see a hobgoblin (strong).

Vanquished Creatures
  An ooze (D:1)
  A dart slug (D:1)
  A leopard gecko (D:1)
  3 bats
  4 goblins
  2 hobgoblins
  2 kobolds (D:1)
  A ball python (D:1)
  4 rats
19 creatures vanquished.

Notes
Turn   | Place    | Note
-------+----------+-------------------------------------------
     0 | D:1      | BreadTh the Spriggan Wizard began the quest for the Orb.
     0 | D:1      | Reached XP level 1. HP: 9/9 MP: 6/6
    74 | D:1      | Reached skill level 1 in Conjurations
   244 | D:1      | Reached XP level 2. HP: 13/13 MP: 6/8
  1130 | D:2      | Noticed Robin
  1164 | D:1      | Slain by a hobgoblin

Illustrated notes

Levels and vault maps discovered:
D:1:      wander_arrival_peaceful_grave, layout_basic, minmay_curled_crystal
D:2:      layout_basic, nicolae_overflow_crystal_walls,
          gammafunk_temple_overflow_elements, first_ration,
          nicolae_ru_great_annihilating_truth, uniq_robin, uniq_terence

Skill      XL: |  1  2 |
---------------+-------+-----
Conjurations   | 1 2 |  2.2
Dodging        | |  3.0
Stealth        | |  3.0
Spellcasting   | |  4.0
Summonings     | |  0.7
Translocations | |  1.5

Action                   || total
-------------------------++-------
Melee: Unarmed           ||     1
       Dagger            ||     5
 Cast: Magic Dart        ||    52
Armor: Robe              ||     7
Dodge: Dodged            ||    27
